 Dungeon Crawl Stone Soup version 0.28.0-53-g5a82cb258f (webtiles) character file.

Game seed: 7684213561008086515

117625 PeMo2 the Warrior (level 17, -3/117 HPs)
             Began as a Djinni Fire Elementalist on June 23, 2022.
             Was the Champion of Makhleb.
             Killed from afar by a frost giant (36 damage)
             ... with a bolt of cold
             ... on level 1 of the Depths on June 24, 2022.
             The game lasted 02:21:58 (27780 turns).

PeMo2 the Warrior (Djinni Fire Elementalist)       Turns: 27780, Time: 02:21:59

Health: -3/117     AC: 13    Str:  7    XL:     17   Next: 29%
Gold:   1047       EV: 17    Int: 37    God:    Makhleb [******] SH: 12 Dex: 17

rFire   + + .      SeeInvis +   t - +8 rapier "Fisia" {freeze, rF- Int+8 SInv}
rCold   . . .      Faith    .   Y - +0 buckler
rNeg    . . .      Spirit   .   U - +0 troll leather armour
rPois   ∞          Reflect  +   L - +0 helmet
rElec   +          Harm     .   l - +2 cloak {Will+}
rCorr   +          Rampage  .   N - +0 pair of gloves {Dex+3}
Will    ++...                   (boots unavailable)
Stlth   ++........              d - amulet of reflection
HPRegen 1.09/turn               P - +6 ring of intelligence
MPRegen 0.00/turn               C - +4 ring of protection

@: resistant, flying
A: sickness immunity, fire resistance 2, cold vulnerability 1, float, innate
caster, HP casting, extra vitality 1, dopey 1, frail 1
a: Renounce Religion, Minor Destruction, Lesser Servant of Makhleb, Major
Destruction, Greater Servant of Makhleb


You were on level 1 of the Depths.
You worshipped Makhleb.
Makhleb was exalted by your worship.
You visited 6 branches of the dungeon, and saw 26 of its levels.
You also visited: Bailey.

You collected 2731 gold pieces.
You spent 1684 gold pieces at shops.

Inventory:

Hand Weapons
 g - a +1 rapier of holy wrath
 j - a +3 war axe
 m - a +2 whip of protection
 t - the +8 rapier "Fisia" (weapon) {freeze, rF- Int+8 SInv}
   (You found it on level 6 of the Dungeon)

   It freezes those it strikes, dealing additional cold damage.
   It can also slow down cold-blooded creatures.
   Int:       It affects your intelligence (+8).
   rF:        It makes you vulnerable to fire.
   SInv:      It lets you see invisible.
 B - a +1 long sword of flaming
 I - a +0 trident of freezing
Missiles
 p - 8 atropa-tipped darts
Armour
 l - a +2 cloak of willpower (worn)
 o - the +3 leather armour "Robrue Eguff" {Will+ Int-3 Dex+6}
   (You bought it in a shop on level 2 of the Orcish Mines)

   Int:       It affects your intelligence (-3).
   Dex:       It affects your dexterity (+6).
   Will:      It increases your willpower.
 A - +0 acid dragon scales
 K - a +2 pair of gloves
 L - a +0 helmet (worn)
 N - a +0 pair of gloves of dexterity (worn)
 U - a +0 troll leather armour (worn)
 Y - a +0 buckler (worn)
 Z - the +0 leather armour "Sogisam" {Harm rF+ Will+ Str+2}
   (You found it on level 11 of the Dungeon)

   Str:       It affects your strength (+2).
   rF:        It protects you from fire.
   Harm:      It increases damage dealt and taken.
   Will:      It increases your willpower.
Magical Staves
 R - a staff of fire
Jewellery
 d - an amulet of reflection (around neck)
 C - a +4 ring of protection (right hand)
 P - a +6 ring of intelligence (left hand)
 Q - the amulet of Doubts {Regen+ Str+3}
   (You bought it in a shop on level 2 of the Orcish Mines)

   [amulet of regeneration]

   Str:       It affects your strength (+3).
   Regen:     It increases your rate of health regeneration.
 S - a ring of fire
Wands
 a - a wand of paralysis (22)
 f - a wand of flame (30)
 q - a wand of polymorph (10)
 y - a wand of charming (8)
 z - a wand of acid (2)
 D - a wand of digging (9)
 J - a wand of mindburst (22)
 O - a wand of iceblast (8)
Scrolls
 k - a scroll of summoning
 n - 9 scrolls of teleportation
 u - 5 scrolls of fog
 v - 6 scrolls of enchant weapon
 H - 5 scrolls of fear
 M - a scroll of brand weapon
 T - 3 scrolls of enchant armour
 X - a scroll of blinking
Potions
 b - 5 potions of brilliance
 c - 2 potions of haste
 h - 4 potions of might
 r - 2 potions of heal wounds
 s - a potion of lignification
 w - 8 potions of curing
 x - 3 potions of mutation
 E - 2 potions of invisibility
 F - 3 potions of cancellation
 G - 2 potions of ambrosia
 V - 2 potions of attraction
Miscellaneous
 i - a lightning rod (4/4)


   Skills:
 + Level 15.3 Fighting
 - Level 14.0 Short Blades
 - Level 1.0 Axes
 + Level 11.4 Dodging
 - Level 1.5 Stealth
 - Level 9.2 Shields
 * Level 11.4 Spellcasting
 - Level 7.0 Evocations


You couldn't memorise any spells.
You knew the following spells:

 Your Spells              Type           Power      Damage    Failure   Level
a - Foxfire               Conj/Fire      100%       2x1d9     1%          1
b - Scorch                Fire           100%       2d10      1%          2
c - Conjure Flame         Conj/Fire      81%        6-21      1%          3
d - Inner Flame           Hex/Fire       81%        N/A       1%          3
e - Flame Wave            Conj/Fire      81%        2d14      1%          4
f - Freeze                Ice            100%       1d11      1%          1
g - Call Imp              Summ           81%        N/A       1%          2
h - Spider Form           Tmut/Pois      81%        N/A       1%          3
i - Tukima's Dance        Hex            81%        N/A       1%          3
j - Fireball              Conj/Fire      40%        3d16      1%          5
k - Metabolic Englaciati  Hex/Ice        40%        N/A       1%          5
l - Summon Cactus Giant   Summ           40%        N/A       4%          6
m - Dragon Form           Tmut           40%        N/A       26%         7
Your spell library was empty.

Dungeon Overview and Level Annotations

Branches:
Dungeon (15/15)            Temple (1/1) D:6            Lair (6/6) D:9
 Shoals (0/4) Lair:2        Snake (1/4) Lair:3        Slime (0/5) Lair:5
    Orc (2/2) D:11            Elf (0/3) Orc:2        Vaults (0/5) D:13
 Depths (1/4) D:15         Bailey (visited)

Altars:
Ashenzari
Cheibriados
Dithmenos
Elyvilon
Fedhas
Gozag
Hepliaklqana
Kikubaaqudgha
Makhleb
Nemelex Xobeh
Okawaru
Qazlal
Ru
Sif Muna
Trog
Uskayaw
Vehumet
Wu Jian
Xom
Yredelemnul
Zin
The Shining One
Beogh

Shops:
D:10 [   Orc:1 *   Orc:2 [=*(   Depths:1 [

Portals:
Abyss: Lair:2

Annotations:
D:10 2 transporters, kalagan's ghost, journeyman DECj
D:12 3 runed translucent doors
D:13 1 runed translucent door, Wiuvimyha's ghost, journeyman FeCj
Lair:1 3 runed translucent doors, glosham's ghost, journeyman DjCA
Lair:2 2 transporters, aloneDruid's ghost, journeyman DgTm


Innate Abilities, Weirdness & Mutations

You are immune to sickness and miasma.
You are immune to poison.
Your flesh is very heat resistant. (rF++)
You are vulnerable to cold. (rC-)
You float through the air rather than walking.
You learn spells naturally, not from books.
Your magical power is your life essence.
You have superior vitality. (+4 MHP)
You are dopey. (Int -2)
You are frail. (-10% HP)


Message History

You now have 1047 gold pieces (gained 19).
A frost giant comes into view.
It is wielding a +2 battleaxe of freezing.
The frost giant shouts!
The frost giant points at you and mumbles some strange words.
The bolt of cold misses you.
Casting: Scorch (safe; 1% risk of failure)
Confirm with . or Enter, or press ? or * to list all spells.
Aiming: Fireball (mildly dangerous; 1% risk of failure)
Press: ? - help, Shift-Dir - straight line, f - frost giant
Aim: a frost giant, wielding a +2 battleaxe of freezing The fireball explodes!
The fireball engulfs the frost giant!!
The frost giant is lightly wounded.
The frost giant casts a spell at you. The bolt of cold hits you!!!!
You feel a terrible chill!
Ouch! That really hurt!
* * * LOW HITPOINT WARNING * * *
You feel protected.
You feel much better.
Casting: Fireball (mildly dangerous; 1% risk of failure)
Confirm with . or Enter, or press ? or * to list all spells.
Something hits your cactus giant!! Something freezes your cactus giant.
Your cactus giant hits the frost giant with a +0 giant spiked club!
The frost giant points at you and mumbles some strange words.
The bolt of cold hits your cactus giant!!!
The bolt of cold hits you!!
* * * LOW HITPOINT WARNING * * *
The frost giant is struck by your cactus giant's spines.
The frost giant hits your cactus giant with a +2 battleaxe of freezing!!
The frost giant freezes your cactus giant!
The frost giant gestures at you while chanting.
The bolt of cold hits you!!
* * * LOW HITPOINT WARNING * * *
There is a stone staircase leading down here.
You feel much better.
The frost giant gestures at you while chanting.
The bolt of cold hits you!!
* * * LOW HITPOINT WARNING * * *
The frost giant gestures at you while chanting.
The bolt of cold hits you!!!
You die...

.≈≈≈≈≈≈≈≈..###.#
.....≈≈..........≈≈≈≈≈≈≈≈.......
.....≈≈..........≈≈≈≈≈≈≈≈≈.###.#
....≈≈..........≈≈≈≈......#....
...≈≈....................#.#.#
####.........###.............#.#
##............##..#..C......###.#
..............##[.#..............
#......†......#.@..>.............
#..................#.............
##....(...†..##...##.............
###.†....##.##...#####........##
##....###...##..# ..)..#.###
#.<.∩## #.###...## ###...###
#...## ##.u...[.# ##..# #..##
##.....## ..... #### ##..###
...##


You could see a frost giant.

Vanquished Creatures
  Saint Roka (Orc:2)
  Jorgrun (Orc:1)
  A sphinx (Depths:1)
  A stone giant (Depths:1)
  An ironbound preserver (D:13)
  Nessos (D:15)
  A dire elephant (Lair:5)
  2 spark wasps (Depths:1)
  2 vault guards (Bailey)
  An ice dragon (D:15)
  A catoblepas (D:11)
  3 boulder beetles
  Harold (Orc:1)
  15 hydras
  An ogre mage (D:15)
  4 centaur warriors
  An alligator (Lair:5)
  A death knight (D:13)
  5 death yaks
  Urug (D:11)
  A tengu warrior (D:11)
  A deep troll earth mage (Depths:1)
  An orc high priest (Orc:2)
  Sonja (Orc:1)
  4 skeletal warriors
  An iron troll (Depths:1)
  A deep troll (Depths:1)
  A lindwurm (Lair:6)
  5 deep elf pyromancers
  Pikel (D:4)
  A wizard (D:15)
  3 orc sorcerers
  6 cyclopes
  5 orc knights
  5 ugly things
  Maurice (D:8)
  3 centaur zombies
  3 manticores
  A guardian serpent (Snake:1)
  Joseph (D:7)
  27 elephants
  A torpor snail (Lair:5)
  5 black mambas
  9 cane toads
  A molten gargoyle (D:15)
  A gargoyle (D:10)
  Maggie (D:7)
  2 yaktaurs (D:15)
  2 rime drakes (Lair:6)
  2 kobold demonologists (D:14)
  10 komodo dragons
  2 unseen horrors
  A tengu conjurer (D:11)
  2 ice devils (Orc:1)
  8 trolls
  3 hornets (Lair:6)
  6 polar bears
  29 blink frogs
  Prince Ribbit (D:7)
  A dancing weapon (D:12)
  9 slime creatures
  2 dream sheep (Lair:6)
  12 spriggans (Lair:6)
  2 shadows
  2 wraiths (D:10)
  4 water elementals (Depths:1)
  2 nameless horrors
  6 wyverns
  3 humans (Bailey)
  53 yaks
  A human (shapeshifter) (D:14)
  6 basilisks
  A vampire (D:11)
  A hog (shapeshifter) (D:15)
  3 vampire mosquitoes (D:13)
  4 steam dragons
  2 wargs
  Edmund (D:4)
  3 acid dragons
  2 nagas (Lair:3)
  9 water moccasins
  An ice beast (D:5)
  8 black bears
  28 orc warriors
  5 ogres
  5 boggarts (Lair:6)
  22 wolves
  7 centaurs
  A kobold brigand (D:14)
  2 scorpions
  A wyvern zombie (D:6)
  17 bullfrogs
  4 wights (D:6)
  7 killer bees
  An electric eel (Lair:4)
  A howler monkey (D:4)
  A bullfrog zombie (D:5)
  2 centaur skeletons
  A jelly (D:6)
  Crazy Yiuf (D:5)
  18 orc priests
  4 hounds
  An iguana (D:6)
  26 orc wizards
  Terence (D:2)
  A howler monkey zombie (D:10)
  5 gnolls
  2 howler monkey skeletons
  7 adders
  4 shadow imps
  An ufetubus (D:4)
  An adder skeleton (D:4)
  A worm (D:2)
  5 dart slugs
  51 orcs
  10 endoplasms
  A giant cockroach (D:2)
  10 goblins
  7 hobgoblins
  5 jackals
  2 quokkas
  4 ball pythons
  5 bats
  4 frilled lizards
  13 kobolds
  5 rats
642 creatures vanquished.

Vanquished Creatures (collateral kills)
  A spark wasp (Depths:1)
  A fire dragon (D:15)
  A boulder beetle (D:14)
  A great orb of eyes (Depths:1)
  An ice dragon (D:15)
  A fire crab (Lair:5)
  A deep troll (Depths:1)
  A deep elf pyromancer (D:12)
  An orc knight (Orc:2)
  5 ugly things
  A cyclops (D:15)
  A manticore (D:14)
  A gargoyle (D:13)
  A cane toad (Lair:6)
  A komodo dragon (Lair:5)
  An efreet (D:15)
  A meliai (D:15)
  2 yaks
  2 humans (Bailey)
  A wyvern (D:10)
  A basilisk (D:14)
  A redback (shapeshifter) (Depths:1)
  A vampire mosquito (D:15)
  A warg (Orc:2)
  A naga (Snake:1)
  5 orc warriors
  A necrophage (D:8)
  A centaur (D:6)
  3 orc priests
  A gnoll shaman (D:7)
  3 orc wizards
  A white imp (D:6)
  14 orcs
  2 goblins (Bailey)
62 creatures vanquished.

Vanquished Creatures (others)
  10 dancing weapons
  A bush (Lair:5)
  221 foxfires
  61 fungi
  83 plants
376 creatures vanquished.

Grand Total: 1080 creatures vanquished

Notes
Turn   | Place    | Note
-------+----------+-------------------------------------------
     0 | D:1      | PeMo2 the Djinni Fire Elementalist began the quest for the
                  | Orb.
     0 | D:1      | Reached XP level 1. HP: 15/15 MP: 0/0
   260 | D:1      | Reached XP level 2. HP: 10/22 MP: 0/0
   570 | D:1      | Reached skill level 1 in Fighting
   570 | D:1      | Reached XP level 3. HP: 17/27 MP: 0/0
   570 | D:1      | Learned a level 1 spell: Freeze
  1444 | D:1      | Reached XP level 4. HP: 30/32 MP: 0/0
  1618 | D:2      | Noticed Terence
  1626 | D:2      | Killed Terence
  1895 | D:2      | Found a faded altar of an unknown god.
  2175 | D:2      | Reached XP level 5. HP: 35/38 MP: 0/0
  2175 | D:2      | Learned a level 2 spell: Call Imp
  2449 | D:3      | Reached skill level 2 in Fighting
  3090 | D:4      | Noticed Edmund
  3097 | D:4      | Killed Edmund
  3098 | D:4      | Reached XP level 6. HP: 36/45 MP: 0/0
  3608 | D:4      | Reached skill level 5 in Spellcasting
  3608 | D:4      | Reached XP level 7. HP: 40/49 MP: 0/0
  3608 | D:4      | Learned a level 3 spell: Spider Form
  3698 | D:4      | Reached skill level 1 in Axes
  4005 | D:4      | Noticed a steam dragon
  4026 | D:4      | Killed a steam dragon
  4027 | D:4      | Reached skill level 3 in Fighting
  4185 | D:4      | Noticed Pikel
  4212 | D:4      | Killed Pikel
  4213 | D:4      | Reached skill level 5 in Fighting
  4213 | D:4      | Reached XP level 8. HP: 48/59 MP: 0/0
  4408 | D:5      | Entered Level 5 of the Dungeon
  4486 | D:5      | Reached skill level 6 in Fighting
  4774 | D:5      | Found a runed translucent door.
  4775 | D:5      | Noticed Crazy Yiuf
  5198 | D:5      | Found a basalt altar of Yredelemnul.
  5470 | D:5      | Killed Crazy Yiuf
  5471 | D:5      | Reached XP level 9. HP: 60/67 MP: 0/0
  5471 | D:5      | Learned a level 3 spell: Tukima's Dance
  5661 | D:6      | Reached skill level 7 in Fighting
  6261 | D:6      | Identified the +8 rapier "Fisia" {freeze, rF- Int+8 SInv}
  6267 | D:6      | Found a staircase to the Ecumenical Temple.
  6281 | Temple   | Entered the Ecumenical Temple
  6604 | Temple   | Became a worshipper of Makhleb the Destroyer
  6670 | D:6      | Reached skill level 1 in Short Blades
  6706 | D:6      | Reached skill level 8 in Fighting
  6969 | D:6      | Found a shimmering altar of Xom.
  7647 | D:7      | Reached XP level 10. HP: 41/77 MP: 0/0
  7951 | D:7      | Reached skill level 9 in Fighting
  8256 | D:7      | Noticed Joseph
  8260 | D:7      | Killed Joseph
  8261 | D:7      | Reached skill level 5 in Short Blades
  8301 | D:7      | Noticed Maggie
  8310 | D:7      | Killed Maggie
  8310 | D:7      | Reached * piety under Makhleb
  8443 | D:7      | Noticed Prince Ribbit
  8449 | D:7      | Killed Prince Ribbit
  8930 | D:8      | Found a flagged portal.
  9083 | Bailey   | Entered a bailey
  9337 | Bailey   | Noticed a vault guard
  9356 | Bailey   | Reached XP level 11. HP: 55/84 MP: 0/0
  9356 | Bailey   | Learned a level 5 spell: Fireball
  9359 | Bailey   | Killed a vault guard
  9603 | Bailey   | Noticed a vault guard
  9613 | Bailey   | Killed a vault guard
  9614 | Bailey   | Reached skill level 10 in Fighting
  9614 | Bailey   | Reached skill level 5 in Dodging
  9823 | Bailey   | Reached ** piety under Makhleb
 10232 | D:8      | Noticed Maurice
 10239 | D:8      | Killed Maurice
 11706 | D:9      | Found a staircase to the Lair.
 12328 | D:10     | Entered Level 10 of the Dungeon
 12368 | D:10     | Found Afestorch's Armour Shoppe.
 12378 | D:10     | Bought a +0 pair of gloves of dexterity for 172 gold pieces
 12829 | D:10     | Noticed kalagan's ghost (journeyman DECj)
 12830 | D:10     | Found a transporter.
 12830 | D:10     | Found a transporter.
 12830 | D:10     | Noticed a two-headed ogre
 12830 | D:10     | Noticed a two-headed ogre
 12830 | D:10     | Identified the +7 giant club "Spiderbane" {holy, rPois
                  | Str+3 Int+4}
 12830 | D:10     | Noticed a two-headed ogre
 12832 | D:10     | Noticed a two-headed ogre
 13340 | D:11     | Noticed a catoblepas
 13349 | D:11     | Killed a catoblepas
 13577 | D:11     | Reached skill level 1 in Evocations
 13616 | D:11     | Found a shadowy altar of Dithmenos.
 13706 | D:11     | Reached XP level 12. HP: 90/93 MP: 0/0
 13776 | D:11     | Reached *** piety under Makhleb
 13792 | D:11     | Found a staircase to the Orcish Mines.
 13897 | D:11     | Noticed a tengu warrior
 13911 | D:11     | Killed a tengu warrior
 13912 | D:11     | Reached skill level 11 in Fighting
 14029 | D:11     | Reached skill level 1 in Shields
 14051 | D:11     | Identified the +0 leather armour "Sogisam" {Harm rF+ Will+
                  | Str+2}
 14160 | D:11     | Noticed Urug
 14167 | D:11     | Killed Urug
 14450 | Orc:1    | Entered Level 1 of the Orcish Mines
 14472 | Orc:1    | Noticed a soul eater
 14888 | D:12     | Noticed a five-headed hydra
 14895 | D:12     | Killed a five-headed hydra
 14943 | D:12     | Found a runed translucent gate.
 14943 | D:12     | Found a runed translucent gate.
 14943 | D:12     | Found a runed translucent gate.
 14944 | D:12     | Noticed a glowing orange brain
 14944 | D:12     | Noticed a glowing orange brain
 14958 | D:12     | Noticed a sea snake
 14958 | D:12     | a cyclops changed into a sea snake
 14961 | D:12     | a sea snake changed into a glowing shapeshifter
 15253 | D:12     | Noticed a boulder beetle
 15276 | D:12     | Killed a boulder beetle
 15487 | D:13     | Noticed a boulder beetle
 15523 | D:13     | Noticed a centaur warrior
 15530 | D:13     | Killed a centaur warrior
 15531 | D:13     | Reached skill level 12 in Fighting
 15573 | D:13     | Reached XP level 13. HP: 99/101 MP: 0/0
 15573 | D:13     | Learned a level 5 spell: Metabolic Englaciation
 15577 | D:13     | Noticed a centaur warrior
 15577 | D:13     | Noticed a seven-headed hydra
 15600 | D:13     | Killed a centaur warrior
 15600 | D:13     | Killed a seven-headed hydra
 15771 | D:13     | Noticed an ironbound preserver
 16075 | D:13     | Reached skill level 10 in Spellcasting
 16075 | D:13     | Reached skill level 5 in Evocations
 16243 | D:13     | Reached skill level 5 in Shields
 16265 | D:13     | Reached **** piety under Makhleb
 16377 | Lair:1   | Entered Level 1 of the Lair of Beasts
 16790 | Lair:1   | Found a runed translucent gate.
 16790 | Lair:1   | Found a runed translucent gate.
 16790 | Lair:1   | Found a runed translucent gate.
 16795 | Lair:1   | Noticed glosham's ghost (journeyman DjCA)
 17361 | Lair:2   | Found a transporter.
 17377 | Lair:2   | Found a one-way gate to the infinite horrors of the Abyss.
 17377 | Lair:2   | Noticed aloneDruid's ghost (journeyman DgTm)
 17555 | Lair:2   | Found a staircase to the Shoals.
 17877 | Lair:2   | Found a transporter.
 18123 | Lair:3   | Reached XP level 14. HP: 105/107 MP: 0/0
 18177 | Lair:3   | Found a staircase to the Snake Pit.
 18587 | Lair:4   | Reached skill level 10 in Short Blades
 19081 | Lair:4   | Reached ***** piety under Makhleb
 19196 | Lair:4   | You are sucked into a shaft and drop 2 floors!
 19196 | Lair:6   | Entered Level 6 of the Lair of Beasts
 19235 | Lair:5   | Noticed a dire elephant
 19600 | Lair:5   | Reached skill level 13 in Fighting
 19830 | Lair:5   | Found a staircase to the Slime Pits.
 20238 | Lair:5   | Killed a dire elephant
 20342 | Lair:5   | Reached XP level 15. HP: 106/116 MP: 0/0
 20342 | Lair:5   | Learned a level 6 spell: Summon Cactus Giant
 20582 | Lair:6   | Reached skill level 14 in Fighting
 21323 | Lair:6   | Reached ****** piety under Makhleb
 23181 | Orc:2    | Entered Level 2 of the Orcish Mines
 23383 | Orc:2    | Reached XP level 16. HP: 108/123 MP: 0/0
 23409 | Orc:2    | Noticed Saint Roka
 23423 | Orc:2    | Killed Saint Roka
 23617 | Orc:2    | Found Qiguipn's Jewellery Boutique.
 23630 | Orc:2    | Found Hocucs's Antique Weapon Boutique.
 23917 | Orc:2    | Found a staircase to the Elven Halls.
 24020 | Orc:2    | Found Timentul's General Store.
 24027 | Orc:2    | Bought a scroll of identify for 20 gold pieces
 24035 | Orc:2    | Found Cetabel's Antique Armour Boutique.
 24055 | Orc:2    | Bought an ichor-stained leather armour for 210 gold pieces
 24055 | Orc:2    | Identified the +3 leather armour "Robrue Eguff" {Will+
                  | Int-3 Dex+6} (You bought it in a shop on level 2 of the
                  | Orcish Mines)
 24055 | Orc:2    | Bought a pair of glowing gloves for 225 gold pieces
 24055 | Orc:2    | Bought a glowing cloak for 225 gold pieces
 24435 | Orc:1    | Found Riupibycw's General Store.
 24441 | Orc:1    | Bought a potion of haste for 140 gold pieces
 24450 | Orc:1    | Noticed Jorgrun
 24457 | Orc:1    | Killed Jorgrun
 24491 | Orc:1    | Noticed Sonja
 24493 | Orc:1    | Killed Sonja
 24534 | Orc:1    | Noticed Harold
 24537 | Orc:1    | Killed Harold
 25067 | Orc:2    | Bought the amulet of Doubts {Regen+ Str+3} for 692 gold
                  | pieces
 25214 | D:13     | Found a gate to the Vaults.
 25271 | D:13     | Found a runed translucent door.
 25273 | D:13     | Noticed a tengu reaver
 25273 | D:13     | Noticed Wiuvimyha's ghost (journeyman FeCj)
 25349 | D:13     | Found an opulent altar of Gozag.
 25432 | D:13     | Reached skill level 10 in Dodging
 25759 | D:14     | You are sucked into a shaft and drop 1 floor!
 25759 | D:15     | Entered Level 15 of the Dungeon
 25855 | D:15     | Noticed Nessos
 25860 | D:15     | Killed Nessos
 25935 | D:15     | Found a hide-covered altar of Uskayaw.
 26636 | D:15     | Reached skill level 15 in Fighting
 26741 | D:15     | Reached XP level 17. HP: 129/131 MP: 0/0
 26741 | D:15     | Learned a level 7 spell: Dragon Form
 26778 | D:15     | Found a staircase to the Depths.
 26814 | D:15     | Gained mutation: You have hidden genetic defects.
                  | [mutagenic glow]
 26828 | D:15     | Identified the +2 ring mail of Defence {Int+5}
 27166 | Snake:1  | Entered Level 1 of the Snake Pit
 27454 | Depths:1 | Entered Level 1 of the Depths
 27454 | Depths:1 | Found Xebroopp's Antique Armour Boutique.
 27457 | Depths:1 | Noticed a sphinx
 27464 | Depths:1 | Killed a sphinx
 27571 | Depths:1 | Gained mutation: Your body sometimes deteriorates upon
                  | taking damage. [hidden defects]
 27572 | Depths:1 | Lost mutation: You have hidden genetic defects. [potion of
                  | mutation]
 27572 | Depths:1 | Lost mutation: Your body sometimes deteriorates upon taking
                  | damage. [potion of mutation]
 27572 | Depths:1 | Gained mutation: You are frail. (-10% HP) [potion of
                  | mutation]
 27572 | Depths:1 | Gained mutation: You tend to lose your temper in combat.
                  | [potion of mutation]
 27572 | Depths:1 | Gained mutation: Potions are less effective at restoring
                  | your health. [potion of mutation]
 27573 | Depths:1 | Lost mutation: You are frail. (-10% HP) [potion of
                  | mutation]
 27573 | Depths:1 | Lost mutation: Potions are less effective at restoring your
                  | health. [potion of mutation]
 27573 | Depths:1 | Gained mutation: You are dopey. (Int -2) [potion of
                  | mutation]
 27573 | Depths:1 | Gained mutation: You are frail. (-10% HP) [potion of
                  | mutation]
 27573 | Depths:1 | Lost mutation: You tend to lose your temper in combat.
                  | [potion of mutation]
 27780 | Depths:1 | Killed from afar by a frost giant

Illustrated notes

Levels and vault maps discovered:
D:1:      minmay_arrival_widening_spiral_narrow, layout_basic
D:2:      layout_rooms, serial_forest, infiniplex_forest_straight_2,
          infiniplex_forest_clump_double, infiniplex_forest_straight_4,
          infiniplex_forest_lined_2, infiniplex_forest_straight_3,
          infiniplex_forest_end_3, infiniplex_forest_lined_room_2,
          infiniplex_forest_lined_room_2, infiniplex_forest_lined_1,
          basic_ecumenical_altar, uniq_terence
D:3:      layout_rooms, grunt_decor_clamped
D:4:      layout_gridville, uniq_pikel, uniq_edmund
D:5:      layout_gridville, mainiacjoe_overflow_small_starburst,
          uniq_crazy_yiuf_cottage
D:6:      hellmonk_crumbling_castle, layout_basic, minmay_ruined_shrine
D:7:      layout_loops_ring, grunt_decor_junction, uniq_prince_ribbit1,
          uniq_joseph, uniq_maggie
D:8:      layout_cave_pods, enter_bailey_3, uniq_maurice
D:9:      layout_layer_cave, lair_entry_dummy
D:10:     layout_long_grid, gammafunk_ghost_smash, kennysheep_small_square
D:11:     layout_loops_corners, orc_david_3, nicolae_dithmenos_the_darkroom,
          uniq_urug
D:12:     layout_basic, ploomutoo_gammafunk_ghost_potion_laboratory
D:13:     layout_basic, skrybe_vaults_entry_preservation,
          ebering_ghost_inner_flame, grunt_gozag_statues
D:14:     minmay_expanding_circles, layout_rooms, serial_park_tiny_1
D:15:     grunt_enter_depths_hoard, layout_stronghold, nicolae_uskayaw_suspiria,
          kennysheep_kite_vault, uniq_nessos
Temple:   mainiacjoe_temple_circle_huts
Lair:1:   layout_cave_pods, gammafunk_ghost_necromancy,
          infiniplex_staircase_pool
Lair:2:   layout_misc_corridors, minmay_shoals_entry_centaurs,
          gammafunk_ghost_abyssal_escape
Lair:3:   layout_misc_corridors, minmay_snake_entry_guardpost_small
Lair:4:   layout_loops_ring, beast_lair_carwin_8, serial_bayou_shore_a,
          grunt_megastairs_1
Lair:5:   layout_loops_ring, dpeg_slime_entry_corner,
          nicolae_lair_lakeside_cave, grunt_megastairs_5
Lair:6:   minmay_lair_end_enchanted_forest, layout_loops_ring,
          guppyfry_lair_drakes, grunt_megastairs_4
Snake:1:  layout_concentric_octagons, serial_shops, nicolae_shop_crystal,
          nicolae_shop_gadgets
Orc:1:    layout_diamond_mine, portal_ice_cave_demonic_guard, serial_shops,
          shop_statue, mines2_lemuel, uniq_harold, uniq_sonja, uniq_jorgrun
Orc:2:    grunt_orc_cross, layout_caves, basic_altar
Depths:1: layout_cave_pools, enter_ziggurat_d, grunt_hell_entry_dis_old,
          serial_shops, shop, minmay_misc_feat_roman,
          hangedman_abyss_or_decor_jellyfish_corner, minmay_hidden_floor

Skill      XL: |  1  2  3  4  5  6  7  8  9 10 11 12 13 14 15 16 17 |
---------------+----------------------------------------------------+-----
Spellcasting   | 3 4 5 6 7 8 9 10 11 | 11.4
Fighting       | 1 2 5 6 8 9 10 12 13 14 15 | 15.3
Axes           | 1 |  1.0
Short Blades   | 3 7 9 11 14 | 14.0
Dodging        | 4 6 7 9 11 | 11.4
Evocations     | 1 4 6 7 |  7.0
Shields        | 3 7 9 |  9.2
Stealth        | |  1.5

Action                   |  1- 3 |  4- 6 |  7- 9 | 10-12 | 13-15 | 16-18 || total
-------------------------+-------+-------+-------+-------+-------+-------++-------
Melee: War axe           |       |    20 |     2 |       |       |       ||    22
       Punch             |       |     1 |       |       |       |       ||     1
       Unarmed           |       |       |    16 |     8 |       |       ||    24
       Whip              |       |       |     2 |       |       |       ||     2
       Rapier            |       |       |     4 |    43 |    51 |    65 ||   163
 Cast: Foxfire           |    43 |    31 |    19 |    16 |    22 |       ||   131
       Scorch            |     6 |    38 |   108 |   158 |    98 |    49 ||   457
       Spider Form       |       |       |     4 |     1 |       |       ||     5
       Call Imp          |       |       |     3 |     4 |     5 |     4 ||    16
       Tukima's Dance    |       |       |    14 |    52 |    21 |    28 ||   115
       Flame Wave        |       |       |       |     4 |     6 |     1 ||    11
       Fireball          |       |       |       |    58 |   372 |   175 ||   605
       Inner Flame       |       |       |       |     1 |     4 |     1 ||     6
       Metabolic Englaci |       |       |       |       |    26 |     6 ||    32
       Summon Cactus Gia |       |       |       |       |    14 |    24 ||    38
Evoke: Wand              |       |       |       |       |     7 |     2 ||     9
  Use: Scroll            |       |       |       |    12 |    21 |     5 ||    38
       Potion            |       |       |       |     3 |       |     5 ||     8
 Stab: Distracted        |       |       |       |       |     1 |     1 ||     2
Armor: Robe              |       |     4 |       |       |       |       ||     4
       Steam dragon scal |       |       |    21 |       |       |       ||    21
       Acid dragon scale |       |       |       |    25 |       |       ||    25
       Troll leather arm |       |       |       |    15 |    61 |    17 ||    93
Dodge: Dodged            |     4 |    20 |    52 |    64 |   126 |    58 ||   324
Block: Other             |     5 |     5 |    22 |    19 |       |       ||    51
       Reflection        |     3 |       |     1 |     3 |     5 |     4 ||    16
       Buckler           |       |       |       |    15 |   119 |    29 ||   163
